 Dungeon Crawl Stone Soup version 0.20.1-1-g8b1a95d (webtiles) character file.

711 KoningWillie the Covered (level 7, -2/61 HPs)
             Began as a Minotaur Fighter on Sept 30, 2017.
             Killed by divine providence
             ... invoked by an orc priest
              (10 damage)
             ... on level 5 of the Dungeon.
             The game lasted 00:16:42 (4780 turns).

KoningWillie the Covered (Minotaur Fighter)         Turns: 4780, Time: 00:16:43

Health: -2/61      AC: 13    Str: 23    XL:     7   Next: 40%
Magic:  6/6        EV:  6    Int:  5    God:
Gold:   281        SH:  0    Dex:  9    Spells: 6/6 levels left

rFire    . . .     SeeInvis .   l - +0 bardiche
rCold    + . .     Gourm    .   (shield currently unavailable)
rNeg     . . .     Faith    .   i - +0 plate armour
rPois    .         Spirit   .   (helmet restricted)
rElec    .         Reflect  .   (no cloak)
rCorr    .         Harm     .   (no gloves)
MR       .....                  c - +0 pair of boots
Stlth    ..........             u - amulet of regeneration
Regen    0.6/turn               q - ring of protection from cold
MPRegen  0.1/turn               (no ring)

@: no status effects
A: retaliatory headbutt, horns 2
a: no special abilities


You were on level 5 of the Dungeon.
You were not hungry.

You visited 2 branches of the dungeon, and saw 6 of its levels.

You collected 281 gold pieces.

Inventory:

Hand Weapons
 a - a +0 war axe
 l - a +0 bardiche (weapon)
Armour
 b - a +0 scale mail
 c - a +0 pair of boots (worn)
 i - a +0 plate armour (worn)
Jewellery
 m - a cursed ring of wizardry
 q - a ring of protection from cold (left hand)
 u - an amulet of regeneration (around neck)
Scrolls
 g - a scroll of random uselessness {unknown}
 h - 5 scrolls of remove curse
Potions
 e - a potion of agility
 j - 2 potions of haste {unknown}
 k - 4 potions of flight
 n - a potion of lignification {unknown}
 o - a potion of resistance {unknown}
 t - a potion of curing {unknown}
Books
 s - a book of Conjurations

   Spells                             Type                      Level
   a - Magic Dart                     Conjuration                  1
   b - Searing Ray                    Conjuration                  2
   c - Dazzling Spray                 Conjuration/Hexes            3
   d - Fulminant Prism                Conjuration/Hexes            4
   e - Force Lance                    Conjuration/Translocation    4
   f - Iskenderun's Mystic Blast      Conjuration                  4
Comestibles
 d - 3 bread rations
 f - a meat ration
 p - a royal jelly


   Skills:
 + Level 5.6 Fighting
 - Level 3.8(5.1) Axes
 + Level 5.2(5.8) Polearms
 * Level 3.0 Throwing
 + Level 5.9 Armour
   Level 3.6 Shields


You had 6 spell levels left.
You didn't know any spells.

Dungeon Overview and Level Annotations

Branches:
Dungeon (5/15)             Temple (1/1) D:4

Altars:
Ashenzari
Cheibriados
Dithmenos
Gozag
Hepliaklqana
Kikubaaqudgha
Nemelex Xobeh
Okawaru
Qazlal
Ru
Sif Muna
Trog
Uskayaw
Vehumet
Xom
Yredelemnul
Zin
The Shining One


Innate Abilities, Weirdness & Mutations

You reflexively headbutt those who attack you in melee.
You have a pair of horns on your head.


Message History

The orc wizard gestures at you while chanting.
The magic dart hits you!
* * * LOW HITPOINT WARNING * * *
The orc priest closely misses you.
The worker ant zombie bites you but does no damage.
The centaur hits you but does no damage.
The orc wizard hits you but does no damage.
The orc priest hits you but does no damage.
The worker ant zombie barely misses you.
You furiously retaliate!
You headbutt the worker ant zombie! You closely miss the orc wizard.
You headbutt the orc wizard.
The orc wizard is moderately wounded.
The centaur barely misses you. You furiously retaliate!
You headbutt the centaur, but do no damage.
The centaur hits you but does no damage.
The orc wizard hits you but does no damage.
The worker ant zombie bites you but does no damage.
The orc priest mumbles some strange prayers to Beogh against you.
Beogh smites you!
You die...

#.......................
#.......................
#....####'####...##.....
#....##....###...##.....
#.................#..^..
#................##.>..#
#................###'###
#.....cZ.>........'....#
#....##@).........#....+
#+#####oo...####'##....#
... #.....##...##....#
#....####'####...[..)..#
#............#.........#
#............#..<..>....
#.... #..<..##...##.....
#.... #.....##...##.....
#....##.....##...#......


You could see a centaur, an orc priest, an orc wizard and a worker ant zombie.

Vanquished Creatures
  An ogre (D:5)
  A phantom (D:4)
  A howler monkey (D:5)
  A crimson imp (D:4)
  2 hounds (D:5)
  An orc priest (D:5)
  A centaur skeleton (D:3)
  An orc wizard (D:5)
  3 worker ants
  10 adders
  3 gnolls (D:3)
  An ooze (D:3)
  An adder skeleton (D:4)
  5 worms
  4 dart slugs
  2 leopard geckos
  16 orcs
  4 bats
  3 giant cockroaches
  5 hobgoblins
  12 jackals
  4 quokkas
  A ball python (D:4)
  7 frilled lizards
  8 goblins
  7 kobolds
  A leopard gecko skeleton (D:4)
  A leopard gecko zombie (D:5)
  5 rats
112 creatures vanquished.

Notes
Turn   | Place    | Note
-------+----------+-------------------------------------------
     0 | D:1      | KoningWillie the Minotaur Fighter began the quest for the Orb.
     0 | D:1      | Reached XP level 1. HP: 19/19 MP: 0/0
   123 | D:1      | Reached XP level 2. HP: 27/27 MP: 1/1
   301 | D:1      | Reached XP level 3. HP: 30/33 MP: 2/2
  1281 | D:2      | Found a faded altar of an unknown god.
  1324 | D:2      | Reached skill level 1 in Throwing
  1408 | D:2      | Reached XP level 4. HP: 31/41 MP: 3/3
  2312 | D:3      | Reached XP level 5. HP: 21/47 MP: 4/4
  2448 | D:3      | Reached skill level 1 in Polearms
  2600 | D:3      | Found a shattered altar of Ashenzari.
  2607 | D:3      | Found an ancient bone altar of Kikubaaqudgha.
  2610 | D:3      | Found a snail-covered altar of Cheibriados.
  2610 | D:3      | Found a bloodstained altar of Trog.
  2651 | D:4      | HP: 2/47 [ball python (1)]
  3265 | D:4      | Reached skill level 5 in Fighting
  3265 | D:4      | Reached skill level 5 in Armour
  3265 | D:4      | Reached XP level 6. HP: 38/56 MP: 5/5
  3515 | D:4      | Found a deep blue altar of Sif Muna.
  4184 | D:4      | Found a staircase to the Ecumenical Temple.
  4270 | D:5      | Entered Level 5 of the Dungeon
  4306 | D:5      | Reached XP level 7. HP: 35/61 MP: 6/6
  4487 | Temple   | Entered the Ecumenical Temple
  4606 | D:5      | Found a hide-covered altar of Uskayaw.
  4753 | D:5      | Reached skill level 5 in Polearms
  4780 | D:5      | Killed from afar by an orc priest

Skill      XL: |  1  2  3  4  5  6  7 |
---------------+----------------------+-----
Fighting       | 4 5 |  5.6
Armour         | 4 5 |  5.9
Axes           | 3 |  3.8
Throwing       | 1 2 3 |  3.0
Polearms       | 2 4 5 |  5.2
Shields        | |  3.6

Action                   |  1- 3 |  4- 6 |  7- 9 || total
-------------------------+-------+-------+-------++-------
Melee: War axe           |    86 |     2 |       ||    88
       Headbutt          |    11 |    35 |     9 ||    55
       Bardiche          |       |   226 |    50 ||   276
  Use: Scroll            |       |     9 |     1 ||    10
       Potion            |       |     2 |     1 ||     3
  Eat: Bread ration      |     1 |     2 |       ||     3
Armor: Scale mail        |    34 |       |       ||    34
       Plate armour      |    22 |   358 |   128 ||   508
Dodge: Dodged            |    26 |   143 |    46 ||   215
Block: Shield            |    44 |     1 |       ||    45
